 Dungeon Crawl Stone Soup version 0.31-a0-263-ge8cad7f256 (webtiles) character file.

Game seed: 8172686644884194827

1277 qw the Skirmisher (level 8, -4/70 HPs)
             Began as a Minotaur Hexslinger on July 13, 2023.
             Killed by divine providence
             ... invoked by an orc priest
              (12 damage)
             ... on level 5 of the Dungeon.
             The game lasted 00:01:55 (5757 turns).

qw the Skirmisher (Minotaur Hexslinger)             Turns: 5757, Time: 00:01:56

Health: -4/70      AC:  7    Str: 13    XL:     8   Next: 29%
Magic:  8/8        EV: 12    Int: 10    God:
Gold:   248        SH:  0    Dex: 15    Spells: 8/9 levels left

rFire   + . .        i - +0 arbalest
rCold   . . .        (shield currently unavailable)
rNeg    . . .        c - +1 leather armour {rF+}
rPois   .            (helmet restricted)
rElec   .            (no cloak)
rCorr   .            l - +2 pair of gloves {hurl}
SInv    +            (no boots)
Will    .....        o - amulet of faith
Stlth   +            f - ring of see invisible
HPRegen 0.31/turn    (no ring)
MPRegen 0.11/turn

%: faith
@: no status effects
A: horns 2, retaliatory headbutt
a: no special abilities


You were on level 5 of the Dungeon.
You visited 1 branch of the dungeon, and saw 6 of its levels.

You collected 302 gold pieces.
You spent 54 gold pieces at shops.


Innate Abilities, Weirdness & Mutations

You have a pair of horns on your head.
You reflexively headbutt those who attack you in melee.


   Skills:
 - Level 6.0 Fighting
 + Level 9.3 Ranged Weapons
 - Level 1.6 Armour
 - Level 3.1 Dodging
 - Level 1.0 Spellcasting
 - Level 2.0 Hexes


You had 8 spell levels left.
You knew the following spells:

 Your Spells              Type           Power      Damage    Failure   Level
a - Slow                  Hex            16%        N/A       19%         1

Your spell library contained the following spells:

 Spells                   Type           Power      Damage    Failure   Level
 Inner Flame              Hex/Fire       2%         N/A       65%         3
 Portal Projectile        Hex/Tloc       4%         N/A       65%         3
 Cause Fear               Hex            2%         N/A       88%         4

Inventory:

Hand Weapons
 i - a +0 arbalest (weapon)
Armour
 c - a +1 leather armour of fire resistance (worn)
 l - a +2 pair of gloves of hurling (worn)
Jewellery
 f - a ring of see invisible (left hand)
 o - an amulet of faith (around neck)
Wands
 n - a wand of digging (5)
Scrolls
 a - a scroll of enchant armour
 e - 2 scrolls of identify
Potions
 d - 5 potions of curing
 h - 2 potions of haste
 k - 2 potions of enlightenment

Dungeon Overview and Level Annotations

Branches:
Dungeon (6/15)
 Temple: D:4-7

Altars:
Gozag
Xom

Shops:
D:5 =((


Message History

The gnoll hits you but does no damage. The gnoll bouda barely misses you.
The orc priest miscasts a cantrip.
The iguana barely misses you.
You rip the net and break free!
The gnoll hits you with a +0 club. The orc priest misses you.
The gnoll bouda barks out a call to the hunt!
The gnolls pick up the pace!
The iguana closely misses you. You furiously retaliate!
You headbutt the iguana.
5753 ||| STAIRDANCE The gnoll completely misses you.
You furiously retaliate!
You headbutt the gnoll.
The gnoll bouda hits you but does no damage.
The orc priest hits you but does no damage.
The iguana bites you!
You climb upwards.
There is a stone staircase leading down here.
You shoot a bolt.
The bolt hits the gnoll but does no damage.
The gnoll is heavily wounded.
The gnoll hits you with a +0 club.
The orc priest hits you with a +0 dagger.
The iguana bites you!
The gnoll bouda hits you but does no damage.
You shoot a bolt.
The bolt hits the gnoll but does no damage.
The gnoll is heavily wounded.
The gnoll closely misses you.
The orc priest mumbles some strange prayers to Beogh against you.
Beogh smites you!
The gnoll bouda hits you but does no damage.
The iguana barely misses you. You furiously retaliate!
You headbutt the iguana. The gnoll hits you with a +0 club.
The gnoll bouda hits you with a +0 whip!
The orc priest barely misses you. You furiously retaliate!
You headbutt the orc priest! The iguana bites you!
You shoot a bolt. The bolt completely misses the iguana.
The gnoll misses you.
The orc priest mumbles some strange prayers to Beogh against you.
Beogh smites you!
You die...

##......#........##'######.....
#.......#........#.............
#.......#........'.............
####......#........#########.....
..##......#........##.....##.....
..........#................#.....
..........#...............##'#.##
..........#....o.g.##.....##...#.
....).....#....l@..##.....##...#.
..##......#......g..........8..#\
..##......#....................##
..........#........##.........\..
..........#[.......##....#####...
..........#..............#..\#..8
..........#..............#.>.#...
..........#..............#}..#..#
..........#..............#####.##


You could see a gnoll bouda, an iguana, an orc priest and a gnoll (swift).

Vanquished Creatures
  Edmund (D:4)
  Duvessa (D:4)
  2 ogres
  A centaur (D:5)
  2 phantoms (D:5)
  2 scorpions (D:4)
  Dowan (D:4)
  A hound (D:5)
  3 orc priests
  A jelly (D:5)
  2 iguanas (D:5)
  A sleepcap (D:4)
  Jessica (D:2)
  An orc wizard (D:6)
  Robin (D:2)
  4 gnolls (D:5)
  4 adders
  A white imp (D:5)
  2 dart slugs
  12 orcs
  10 ball pythons
  A bat (D:1)
  7 endoplasms
  4 giant cockroaches
  13 hobgoblins
  2 jackals (D:1)
  9 quokkas
  2 frilled lizards (D:2)
  14 goblins
  10 kobolds
  7 rats
123 creatures vanquished.

Notes
Turn   | Place    | Note
-------+----------+-------------------------------------------
     0 | D:1      | qw the Minotaur Hexslinger began the quest for the Orb.
     0 | D:1      | Reached XP level 1. HP: 16/16 MP: 1/1
     0 | D:1      | 0 ||| qw: Version: 0.3-a-52-g30416fa
     0 | D:1      | 0 ||| qw: Game counter: 7327
     0 | D:1      | 0 ||| qw: Melee chars always use a shield: true
     0 | D:1      | 0 ||| qw: God list: Okawaru
     0 | D:1      | 0 ||| qw: Allow faded altars: false
     0 | D:1      | 0 ||| qw: Do Orc after clearing Dungeon:15 true
     0 | D:1      | 0 ||| qw: Do second Lair branch before Depths: true
     0 | D:1      | 0 ||| qw: Lair rune preference: random
     0 | D:1      | 0 ||| qw: Goals: Normal
     0 | D:1      | 0 ||| PLANNING D:1-11
   104 | D:1      | Reached skill level 3 in Ranged Weapons
   104 | D:1      | Reached XP level 2. HP: 21/23 MP: 2/2
   520 | D:1      | Reached XP level 3. HP: 29/29 MP: 3/3
   754 | D:1      | 754 ||| UPGRADING to +0 ring mail.
   764 | D:1      | 764 ||| DROPPING +0 robe.
   765 | D:1      | 765 ||| READING 2 scrolls labelled GEYXIZ TIUKOAS.
   766 | D:1      | 766 ||| READING scroll labelled NAIVUCHOULY.
   767 | D:1      | 767 ||| READING 2 scrolls labelled PEPTERASAV.
   768 | D:1      | 768 ||| READING scroll labelled ATA MAROUTSUANNI.
   769 | D:1      | 769 ||| READING scroll labelled YRURGH JIMI.
   770 | D:1      | 770 ||| DROPPING scroll of poison.
   771 | D:1      | 771 ||| DROPPING scroll of fog.
   808 | D:2      | Noticed Robin
   813 | D:2      | 813 ||| STAIRDANCE
   904 | D:2      | Reached skill level 4 in Ranged Weapons
   907 | D:2      | 907 ||| STAIRDANCE
  1004 | D:2      | Killed Robin
  1005 | D:2      | Reached skill level 1 in Armour
  1174 | D:2      | Reached XP level 4. HP: 36/36 MP: 4/4
  1245 | D:2      | Found a faded altar of an unknown god.
  1516 | D:2      | Found a shimmering altar of Xom.
  1540 | D:2      | Noticed Jessica
  1547 | D:2      | Killed Jessica
  1713 | D:2      | 1713 ||| UPGRADING to ring of see invisible.
  1714 | D:2      | 1714 ||| READING scroll labelled KEIM FOIFOIBEX.
  1719 | D:2      | 1719 ||| READING scroll labelled ASYLAQENLI.
  1720 | D:2      | 1720 ||| READING scroll labelled KUUNUNOANT.
  1721 | D:2      | 1721 ||| DRINKING 2 emerald potions.
  1774 | D:3      | Reached skill level 5 in Ranged Weapons
  2020 | D:3      | Found an opulent altar of Gozag.
  2036 | D:3      | Reached XP level 5. HP: 42/42 MP: 5/5
  2472 | D:3      | 2472 ||| READING scroll labelled ORIUMO DIMUEG.
  2472 | D:3      | Identified a scroll of acquirement
  2472 | D:3      | 2472 ||| ACQUIRING +2 pair of gloves of hurling
  2472 | D:3      | Acquired a +2 pair of gloves of hurling
  2474 | D:3      | 2474 ||| UPGRADING to +2 pair of gloves of hurling.
  2479 | D:3      | 2479 ||| DRINKING 2 fuming brown potions.
  2584 | D:3      | 2584 ||| DRINKING 6 cyan potions.
  2585 | D:3      | 2585 ||| DROPPING potion of berserk rage.
  2607 | D:4      | Reached skill level 3 in Fighting
  2671 | D:4      | Noticed an ogre
  2677 | D:4      | Killed an ogre
  2678 | D:4      | Reached skill level 6 in Ranged Weapons
  2754 | D:4      | Noticed Duvessa
  2754 | D:4      | Noticed Dowan
  2761 | D:4      | HP: 10/45 [Duvessa/+0 rapier (9)]
  2763 | D:4      | Killed Duvessa
  2764 | D:4      | Reached XP level 6. HP: 11/53 MP: 6/6
  2766 | D:4      | Killed Dowan
  3037 | D:4      | 3037 ||| FLEEEEING.
  3038 | D:4      | 3038 ||| FLEEEEING.
  3039 | D:4      | 3039 ||| FLEEEEING.
  3040 | D:4      | 3040 ||| FLEEEEING.
  3041 | D:4      | 3041 ||| FLEEEEING.
  3042 | D:4      | 3042 ||| FLEEEEING.
  3043 | D:4      | 3043 ||| FLEEEEING.
  3044 | D:4      | 3044 ||| FLEEEEING.
  3045 | D:4      | 3045 ||| FLEEEEING.
  3046 | D:4      | 3046 ||| FLEEEEING.
  3047 | D:4      | 3047 ||| FLEEEEING.
  3048 | D:4      | 3048 ||| FLEEEEING.
  3049 | D:4      | 3049 ||| FLEEEEING.
  3050 | D:4      | 3050 ||| FLEEEEING.
  3051 | D:4      | 3051 ||| FLEEEEING.
  3052 | D:4      | 3052 ||| FLEEEEING.
  3053 | D:4      | 3053 ||| FLEEEEING.
  3054 | D:4      | 3054 ||| FLEEEEING.
  3055 | D:4      | 3055 ||| FLEEEEING.
  3056 | D:4      | 3056 ||| FLEEEEING.
  3057 | D:4      | 3057 ||| FLEEEEING.
  3058 | D:4      | 3058 ||| FLEEEEING.
  3059 | D:4      | 3059 ||| FLEEEEING.
  3061 | D:4      | 3061 ||| STAIRDANCE
  3092 | D:3      | 3092 ||| UPGRADING to +1 leather armour of fire resistance.
  3102 | D:3      | 3102 ||| DROPPING +0 ring mail.
  3103 | D:3      | 3103 ||| READING scroll labelled JOT UMA EMNEUM.
  3114 | D:4      | 3114 ||| STAIRDANCE
  3118 | D:3      | Reached skill level 7 in Ranged Weapons
  3165 | D:4      | Reached XP level 7. HP: 60/60 MP: 7/7
  3650 | D:4      | Noticed Edmund
  3660 | D:4      | Killed Edmund
  3661 | D:4      | Reached skill level 8 in Ranged Weapons
  4409 | D:4      | 4409 ||| DRINKING 3 red potions.
  4424 | D:5      | Entered Level 5 of the Dungeon
  4424 | D:5      | Found Wififf's Weapon Shoppe.
  4424 | D:5      | Found Ummon's Antique Weapon Shoppe.
  4424 | D:5      | Found Raygett's Jewellery Shoppe.
  4426 | D:5      | 4426 ||| BUYING +0 arbalest (54 gold).
  4426 | D:5      | Bought a +0 arbalest for 54 gold pieces
  4426 | D:5      | 4426 ||| SWAPPING to +0 arbalest.
  4427 | D:5      | 4427 ||| DROPPING +2 heavy sling.
  4446 | D:5      | Reached skill level 3 in Dodging
  4613 | D:5      | HP: 15/61 [centaur/arrow (6)]
  4615 | D:5      | Reached skill level 9 in Ranged Weapons
  4615 | D:5      | Reached XP level 8. HP: 17/68 MP: 8/8
  5126 | D:5      | Reached skill level 6 in Fighting
  5475 | D:5      | 5475 ||| UPGRADING to amulet of faith.
  5480 | D:5      | 5480 ||| DROPPING +6 ring of intelligence.
  5481 | D:5      | 5481 ||| DRINKING 2 clear potions.
  5482 | D:5      | 5482 ||| DRINKING 6 potions of curing.
  5482 | D:5      | 5482 ||| (to cure confusion)
  5483 | D:5      | 5483 ||| DRINKING 2 fizzy golden potions.
  5484 | D:5      | 5484 ||| READING 3 scrolls of identify.
  5484 | D:5      | 5484 ||| IDENTIFYING murky yellow potion
  5485 | D:5      | 5485 ||| DROPPING potion of lignification.
  5486 | D:5      | 5486 ||| DROPPING potion of ambrosia.
  5487 | D:5      | 5487 ||| DROPPING potion of brilliance.
  5508 | D:6      | 5508 ||| STAIRDANCE
  5625 | D:6      | 5625 ||| STAIRDANCE
  5719 | D:6      | 5719 ||| STAIRDANCE
  5753 | D:6      | 5753 ||| STAIRDANCE
  5756 | D:5      | HP: 16/70 [gnoll bouda/+0 whip (9)]
  5757 | D:5      | Killed from afar by an orc priest

Levels and vault maps discovered:
D:1:      lemuel_arrival_muddy, layout_loops_cross, amethyst_killhole
D:2:      layout_loops_ring, basic_altar, hellmonk_ecumenical_altar_run_dry,
          minmay_split_cup_small, uniq_robin, uniq_jessica
D:3:      layout_loops_ring, old_standard_altar, minmay_stone_trees_small
D:4:      layout_layer_cave, uniq_edmund, uniq_duvessa
D:5:      layout_gridville, nicolae_shop_distant_corner_stores,
          chequers_serial_rivers_room_a, serial_bayou_pond_e
D:6:      layout_gridville, minmay_door_square, minmay_misc_feat_five

Skill      XL: |  1  2  3  4  5  6  7  8 |
---------------+-------------------------+-----
Ranged Weapons | 3 4 5 6 7 9 |  9.3
Fighting       | 2 4 5 6 |  6.0
Armour         | 1 |  1.6
Dodging        | 3 |  3.1
Spellcasting   | |  1.0
Hexes          | |  2.0

Action                     |  1- 3 |  4- 6 |  7- 9 || total
---------------------------+-------+-------+-------++-------
   Fire: Sling             |   128 |   149 |    30 ||   307
         Arbalest          |       |       |    74 ||    74
    Use: Scroll            |     5 |     5 |     1 ||    11
         Potion            |       |     3 |     4 ||     7
 Armour: Robe              |     6 |       |       ||     6
         Ring mail         |    12 |    29 |       ||    41
         Leather armour    |       |     5 |    24 ||    29
  Dodge: Dodged            |    70 |    69 |    49 ||   188

Table legend:
 A = Non-vault XP
 B = Vault XP
 C = Vault XP percentage of total XP
 D = Non-vault monster count
 E = Vault monster count
 F = Vault count percentage of total count
                 A         B        C        D         E       F
            +---------+---------+-------+---------+---------+-------
      Total |    1359 |     466 |  25.5 |     104 |      19 |  15.4
            +---------+---------+-------+---------+---------+-------
        D:1 |      48 |      10 |  17.2 |      26 |       5 |  16.1
        D:2 |      35 |      68 |  66.0 |      16 |      11 |  40.7
        D:3 |      95 |       0 |   0.0 |      21 |       0 |   0.0
        D:4 |     432 |     388 |  47.3 |      23 |       3 |  11.5
        D:5 |     710 |       0 |   0.0 |      16 |       0 |   0.0
        D:6 |      39 |       0 |   0.0 |       2 |       0 |   0.0
            +---------+---------+-------+---------+---------+-------
